Map: Pillars of Gold LE

Players

LiquidMaNa (MaNa)

  • Race: Protoss Protoss
  • League: Grandmaster
  • Spawn Location: 7:00

AqueroN - Winner!

  • Race: Terran Terran
  • League: Grandmaster
  • Spawn Location: 1:00

VOD

Have the link to the VOD?

Description

Time

  • Played on: July 13, 2020, 10:59 a.m.
  • Length: 10:07
Show
View Real Time Build Order
Export as new Build Order

LiquidMaNa Protoss 

Build Orders: Phoenix Opening, Blink Stalkers 

Get SALT Encoding   

  12  0:00  Probe  
  13  0:12  Probe  
  14  0:17  Pylon  
  14  0:24  Probe  
  15  0:32  Probe  
  15  0:39  Gateway  
  15  0:41  Probe  
  16  0:47  Assimilator  
  17  0:51  Probe  
  18  1:00  Probe  
  19  1:04  Assimilator  
  19  1:08  Probe  
  19  1:17  Probe  
  21  1:26  Cybernetics Core  
  21  1:30  Probe  
  21  1:47  Nexus  
  21  1:54  Pylon  
  21  1:57  Probe  
  22  2:02  Stalker, Warp Gate  
  22  2:09  Probe  
  25  2:21  Probe  
  26  2:32  Sentry  
  26  2:33  Probe  
  28  2:42  Twilight Council  
  27  2:45  Probe  
  28  2:52  Robotics Facility  
  28  2:56  Probe  
  28  2:57  Probe  
  29  3:05  Phoenix  
  30  3:08  Probe, Gateway  
  30  3:09  Probe  
  30  3:12  Blink  
  32  3:18  Gateway  
  32  3:20  Probe  
  32  3:23  Probe  
  34  3:34  Probe  
  35  3:37  Probe  
  35  3:39  Observer  
  37  3:46  Probe  
  38  3:49  Probe  
  39  3:58  Probe  
  39  3:59  Stalker  
  39  4:01  Probe  
  43  4:03  Stalker  
  45  4:10  Probe  
  45  4:15  Pylon  
  46  4:19  Nexus  
  46  4:27  Pylon  
  46  4:33  Probe x2, Observer  
  46  4:35  Stalker  
  46  4:38  Stalker  
  53  4:45  Probe x2  
  55  4:46  Stalker  
  55  4:48  Pylon  
  57  4:57  Probe x2  
  59  5:02  Forge  
  59  5:03  Charge  
  59  5:10  Gateway x2  
  59  5:12  Probe  
  61  5:14  Probe  
  61  5:19  Assimilator  
  61  5:21  Gateway  
  61  5:24  Probe  
  61  5:26  Probe  
  63  5:29  Gateway  
  63  5:30  Protoss Ground Armor Level 1  
  63  5:35  Gateway  
  63  5:38  Probe x2  
  63  5:39  Probe  
  66  5:46  Sentry x2  
  66  5:49  Immortal  
  70  5:50  Probe x2  
  70  5:51  Pylon  
  72  6:01  Probe  
  72  6:04  Probe x2  
  79  6:06  Pylon  
  79  6:14  Shield Battery  
  79  6:17  Shield Battery  
  79  6:19  Zealot x3  
  79  6:24  Zealot  
  79  6:25  Zealot  
  89  6:27  Zealot  
  89  6:29  Zealot  
  89  6:32  Stalker  
  95  6:37  Probe x2, Pylon  
  95  6:39  Probe  
  98  6:43  Pylon  
  98  6:49  Zealot x4  
  84  6:55  Zealot x2  
  84  6:57  Stalker  
  84  6:59  Probe  
  85  7:07  Zealot  
  75  7:10  Zealot x2  
  75  7:11  Zealot  
  75  7:12  Probe  
  75  7:14  Zealot x4  
  76  7:19  Immortal, Stalker  
  76  7:22  Observer, Protoss Ground Weapons Level 1  
  74  7:23  Stalker x2  
  82  7:36  Sentry x2  
  86  7:38  Probe  
  86  7:39  Probe  
  86  7:40  Assimilator  
  86  7:41  Assimilator  
  87  7:51  Zealot x5  
  87  7:57  Templar Archives  
  87  7:58  Observer  
  97  8:00  Shield Battery  
  97  8:04  Probe  
  97  8:05  Stalker x2  
  102  8:07  Zealot  
  102  8:12  Pylon  
  104  8:13  Pylon  
  104  8:15  Pylon  
  104  8:16  Probe  
  105  8:20  Stalker  
  105  8:25  Pylon  
  105  8:26  Probe x2  
  109  8:30  Probe, Assimilator  
  110  8:35  High Templar x2  
  110  8:36  Zealot x2  
  110  8:37  Zealot  
  120  8:42  Archon  
  120  8:47  Zealot x3  
  116  8:49  Probe  
  101  8:56  Zealot x2  
  101  8:57  Probe  
  82  9:08  Zealot x4, High Templar x2  
  90  9:12  Archon  
  90  9:16  Stalker x2  
  88  9:30  Zealot x3  
  93  9:33  Zealot  
  91  9:48  Stalker  
Show
View Real Time Build Order
Export as new Build Order

AqueroN Terran - Winner!

Build Orders: Reaper Expand 

Get SALT Encoding   

  12  0:00  SCV  
  13  0:13  SCV  
  14  0:18  Supply Depot  
  14  0:25  SCV  
  15  0:39  SCV  
  15  0:41  Barracks  
  16  0:46  Refinery  
  16  0:52  SCV  
  17  1:04  SCV  
  18  1:16  SCV  
  19  1:28  Orbital Command  
  19  1:29  Reaper  
  20  1:45  Command Center  
  20  1:53  SCV  
  21  2:02  Supply Depot, Marine  
  21  2:05  SCV  
  23  2:14  Factory  
  23  2:23  SCV  
  23  2:25  Barracks Reactor  
  23  2:28  Refinery  
  24  2:35  SCV  
  25  2:47  SCV  
  25  2:57  Orbital Command  
  25  2:59  Starport  
  25  3:00  SCV  
  25  3:02  Marine x2  
  25  3:03  Widow Mine  
  30  3:12  SCV  
  31  3:17  Barracks  
  31  3:20  Marine x2  
  31  3:22  SCV  
  31  3:24  SCV  
  35  3:35  SCV  
  35  3:36  SCV  
  35  3:37  Medivac, Supply Depot  
  35  3:39  Widow Mine  
  41  3:45  Marine x2  
  41  3:47  SCV  
  41  3:48  SCV  
  45  3:55  Supply Depot  
  45  3:59  SCV  
  45  4:00  SCV  
  45  4:02  Factory Tech Lab  
  47  4:07  Marine x2, Barracks  
  49  4:10  Starport Tech Lab  
  49  4:11  SCV  
  49  4:15  SCV  
  49  4:16  Supply Depot  
  51  4:23  SCV  
  52  4:25  Marine x2  
  52  4:26  Engineering Bay, Refinery  
  52  4:28  Stimpack  
  54  4:32  Raven  
  54  4:35  SCV  
  54  4:36  SCV  
  58  4:39  Marine  
  58  4:42  Marine  
  58  4:43  Marine  
  61  4:47  SCV  
  61  4:48  SCV  
  61  4:50  Supply Depot  
  61  4:52  Terran Infantry Weapons Level 1  
  63  4:55  Supply Depot  
  63  4:57  Marine  
  63  4:59  Marauder  
  66  5:00  Factory Reactor  
  66  5:02  SCV  
  66  5:04  SCV  
  68  5:08  Marine  
  68  5:09  Supply Depot, Marine  
  70  5:14  SCV  
  70  5:16  SCV  
  72  5:22  Marauder  
  72  5:26  SCV, Combat Shield  
  72  5:27  Marauder  
  72  5:28  SCV, Marine  
  79  5:30  Supply Depot  
  79  5:33  Refinery  
  79  5:39  Marine  
  80  5:43  Marauder  
  80  5:44  Medivac x2  
  86  5:50  Marine  
  86  5:51  Supply Depot, Marauder  
  89  5:57  Marine  
  89  5:58  SCV x2  
  92  6:05  Marauder  
  92  6:08  Marine  
  95  6:15  Marine  
  95  6:16  Command Center  
  98  6:18  Marauder  
  98  6:20  Concussive Shells  
  98  6:26  Marauder, Barracks  
  98  6:28  SCV x2  
  98  6:29  Barracks  
  98  6:30  Marine  
  103  6:37  Supply Depot  
  103  6:38  Supply Depot  
  103  6:39  Marine  
  97  6:57  Marauder x2  
  97  6:58  Marine x2  
  97  6:59  Medivac x2, Widow Mine  
  90  7:20  Widow Mine  
  90  7:21  Marauder x2, Marine x2, Barracks Tech Lab  
  90  7:22  Barracks Reactor  
  97  7:23  SCV x2  
  103  7:31  Orbital Command  
  103  7:33  Liberator  
  103  7:34  Liberator  
  103  7:35  SCV x2  
  107  7:42  Marauder  
  109  7:50  Marine x3  
  114  7:51  Marauder  
  114  7:55  Widow Mine  
  114  7:57  SCV x2  
  119  7:58  SCV  
  119  8:03  Supply Depot, Marine x2  
  119  8:04  Marauder  
  123  8:09  SCV x2, Marauder  
  123  8:12  Marauder  
  129  8:13  Marine x2  
  129  8:16  Widow Mine, Liberator  
  129  8:17  Liberator  
  139  8:21  Marine x2  
  142  8:27  SCV x3  
  142  8:31  Marine x2  
  146  8:36  Marine x2  
  146  8:37  Marine  
  146  8:39  SCV x3  
  137  8:52  Marine x3  
  128  8:59  Widow Mine  
  128  9:00  Marine  
  117  9:06  Marine x2  
  117  9:09  Liberator x2  
  125  9:13  SCV x3  
  125  9:17  Marine x4  
  129  9:34  Marauder x2, Marine  
  129  9:35  SCV x3, Marauder  
Tags
 
Add a new tag
Caveats
  • Supply blocks, unpowered buildings, or Contaminate may cause inaccurate times.
  • Supply counts are checked every 10 seconds.